 Dungeon Crawl Stone Soup version 0.29.0-11-gd7f09526c8 (webtiles) character file.

Game seed: 833808630603930552

153849 keekatzer the Hand of Fortune (level 17, -5/108 HPs)
             Began as a Gargoyle Gladiator on Sept 2, 2022.
             Was the Champion of Nemelex Xobeh.
             Killed from afar by a starcursed mass (10 damage)
             ... with an accursed screaming
             ... on level 2 of the Abyss.
             The game lasted 02:38:21 (26995 turns).

keekatzer the Hand of Fortune (Gargoyle Gladiator) Turns: 26995, Time: 02:38:23

Health: -5/108     AC: 40    Str: 28      XL:     17   Next: 61%
Magic:  28/28      EV: 10    Int:  7 (9)  God:    Nemelex Xobeh [******]
Gold:   931        SH: 18    Dex: 15      Spells: 16/16 levels left

rFire   + . .      SeeInvis +   u - +5 broad axe (venom)
rCold   . . .      Faith    .   E - +0 tower shield
rNeg    + . .      Spirit   .   m - +3 chain mail {rF+}
rPois   ∞          Reflect  .   G - +0 helmet
rElec   +          Harm     .   O - +2 cloak {Will+}
rCorr   .          Rampage  .   y - +1 pair of gloves
Will    ++...                   s - +2 pair of boots
Stlth   ..........              e - amulet of the acrobat
HPRegen 0.28/turn               U - +6 ring of strength
MPRegen 0.21/turn               N - ring of see invisible

@: flying
A: sickness immunity, AC +12, big wings, negative energy resistance 1,
electricity resistance, torment resistance 1, petrification resistance
a: Renounce Religion, Draw Escape, Draw Destruction, Draw Summoning, Triple
Draw, Deal Four, Stack Five


You were on level 2 of the Abyss.
You worshipped Nemelex Xobeh.
Nemelex Xobeh was exalted by your worship.
You visited 4 branches of the dungeon, and saw 24 of its levels.
You visited the Abyss 1 time.
You also visited: Bailey.

You collected 2296 gold pieces.
You spent 1365 gold pieces at shops.

Inventory:

Hand Weapons
 u - a +5 broad axe of venom (weapon)
Missiles
 d - 7 throwing nets (quivered)
Armour
 m - a +3 chain mail of fire resistance (worn)
 s - a +2 pair of boots (worn)
 y - a +1 pair of gloves (worn)
 E - a +0 tower shield (worn)
 G - a +0 helmet (worn)
 O - a +2 cloak of willpower (worn)
Jewellery
 e - an amulet of the acrobat (around neck)
 i - a ring of protection from fire
 t - a +4 ring of protection
 I - a +6 ring of dexterity
 L - a ring of willpower
 N - a ring of see invisible (right hand)
 U - a +6 ring of strength (left hand)
Wands
 r - a wand of mindburst (6)
 C - a wand of polymorph (10)
 M - a wand of flame (10)
 Q - a wand of digging (18)
 T - a wand of charming (5)
 V - a wand of iceblast (2)
 W - a wand of light (6)
Scrolls
 c - a scroll of enchant weapon
 h - a scroll of silence {unknown}
 l - a scroll of poison {unknown}
 q - 9 scrolls of teleportation
 v - 3 scrolls of blinking
 w - 5 scrolls of butterflies {unknown}
 z - 6 scrolls of noise {unknown}
 B - 2 scrolls of torment {unknown}
 F - 4 scrolls of amnesia {unknown}
 J - 2 scrolls of summoning {unknown}
 P - 7 scrolls of fear {unknown}
Potions
 b - 4 potions of haste
 f - 8 potions of curing
 g - 4 potions of invisibility
 k - 4 potions of might
 n - 6 potions of heal wounds
 o - a potion of berserk rage
 p - a potion of brilliance
 x - 2 potions of ambrosia
 A - 3 potions of cancellation
 D - 5 potions of lignification
 H - 4 potions of resistance
 Z - 3 potions of mutation
Miscellaneous
 a - a tin of tremorstones (2/2)
 j - a condenser vane
 R - a phial of floods
 X - a piece from Xom's chessboard (15/15)


   Skills:
 + Level 12.7 Fighting
 + Level 14.8 Axes
 - Level 1.8 Throwing
 + Level 14.9 Armour
 + Level 7.1 Dodging
 * Level 13.2 Shields
 * Level 15.7 Invocations
 + Level 5.9 Evocations


You had 16 spell levels left.
You didn't know any spells.
Your spell library contained the following spells:

 Spells                   Type           Power      Damage    Failure   Level
 Apportation              Tloc           0%         N/A       100%        1
 Beastly Appendage        Tmut           0%         N/A       100%        1
 Foxfire                  Conj/Fire      0%         2x1d4     100%        1
 Necrotise                Necr           0%         1d4       100%        1
 Summon Small Mammal      Summ           0%         N/A       100%        1
 Blink                    Tloc           0%         N/A       100%        2
 Ensorcelled Hibernation  Hex/Ice        0%         N/A       100%        2
 Passwall                 Tmut/Erth      0%         N/A       100%        2
 Wereblood                Tmut           0%         N/A       100%        2
 Call Canine Familiar     Summ           0%         N/A       100%        3
 Conjure Flame            Conj/Fire      0%         6-21      100%        3
 Ignite Poison            Fire/Tmut/Pois 0%         N/A       100%        3
 Inner Flame              Hex/Fire       0%         N/A       100%        3
 Lesser Beckoning         Tloc           0%         N/A       100%        3
 Mephitic Cloud           Conj/Pois/Air  0%         N/A       100%        3
 Spider Form              Tmut/Pois      0%         N/A       100%        3
 Stone Arrow              Conj/Erth      0%         3d7       100%        3
 Summon Guardian Golem    Hex/Summ       0%         N/A       100%        3
 Swiftness                Air            0%         N/A       100%        3
 Animate Armour           Summ/Erth      0%         N/A       100%        4
 Cause Fear               Hex            0%         N/A       100%        4
 Corpse Rot               Necr/Pois/Air  0%         N/A       100%        4
 Dispel Undead            Necr           0%         3d6       100%        4
 Flame Wave               Conj/Fire      0%         2d4       100%        4
 Summon Ice Beast         Ice/Summ       0%         N/A       100%        4
 Alistair's Intoxication  Tmut/Pois      0%         N/A       100%        5
 Borgnjor's Vile Clutch   Necr/Erth      0%         N/A       100%        5
 Freezing Cloud           Conj/Ice/Air   0%         6-21      100%        5
 Manifold Assault         Tloc           0%         N/A       100%        5
 Summon Forest            Summ/Tloc      0%         N/A       100%        5
 Summon Mana Viper        Hex/Summ       0%         N/A       100%        5
 Death Channel            Necr           0%         N/A       100%        6
 Dispersal                Tloc           0%         N/A       100%        6
 Eringya's Noxious Bog    Tmut/Pois      0%         N/A       100%        6
 Summon Cactus Giant      Summ           0%         N/A       100%        6
 Dragon Form              Tmut           0%         N/A       100%        7
 Enfeeble                 Hex            0%         N/A       100%        7
 Monstrous Menagerie      Summ           0%         N/A       100%        7
 Disjunction              Tloc           0%         N/A       100%        8
 Lehudib's Crystal Spear  Conj/Erth      0%         10d2      100%        8
 Dragon's Call            Summ           0%         N/A       100%        9


Dungeon Overview and Level Annotations

Branches:
Dungeon (15/15)            Temple (0/1) D:6            Lair (5/5) D:9
 Shoals (0/4) Lair:3        Snake (0/4) Lair:2        Slime (0/5) Lair:4
    Orc (2/2) D:9             Elf (2/3) Orc:2        Vaults (0/5) D:14
 Depths (0/4) D:15         Bailey (visited)

Altars:
Cheibriados
Dithmenos
Kikubaaqudgha
Nemelex Xobeh
Okawaru
Ru
Vehumet
Yredelemnul
Zin
The Shining One
Jiyva

Shops:
D:7 :   D:9 *   D:14 *   Orc:2 [!(!*

Portals:
Trove: D:11 (show slimy rune of Zot)

Annotations:
D:4 2 transporters, Vadun's ghost, amateur HOFi
Lair:5 Nessos


Innate Abilities, Weirdness & Mutations

You are immune to sickness and miasma.
Your stone body is resilient. (AC +12)
You are immune to poison.
Your large and strong wings let you fly.
You resist negative energy. (rN+)
You are resistant to electric shocks. (rElec)
You are resistant to unholy torment.
You are immune to petrification.


Message History

The starcursed mass shudders and is absorbed by its neighbour.
A chorus of shrieks assaults your mind.
* * * LOW HITPOINT WARNING * * *
A starcursed mass splits.
A starcursed mass splits.
A chorus of shrieks assaults your mind.
* * * LOW HITPOINT WARNING * * *
A starcursed mass splits.
An ancient zyme comes into view.
A starcursed mass splits.
The neqoxec shouts!
A chorus of shrieks assaults your mind.
* * * LOW HITPOINT WARNING * * *
You feel much better. A chorus of shrieks assaults your mind.
* * * LOW HITPOINT WARNING * * *
You barely miss the ancient zyme. You block the ancient zyme's attack.
The ancient zyme barely misses you. The neqoxec gestures at you.
Something tries to feed on your intellect!
A starcursed mass splits.
You slash the ancient zyme!
The ancient zyme is moderately damaged.
A chorus of shrieks assaults your mind.
* * * LOW HITPOINT WARNING * * *
You block the ancient zyme's attack. x2; A starcursed mass splits.
You barely miss the ancient zyme.
The ancient zyme is moderately damaged.
You block the ancient zyme's attack. x2
A deafening chorus of shrieks assaults your mind!
* * * LOW HITPOINT WARNING * * *
You slice the ancient zyme!!
The ancient zyme is severely damaged.
You slash the starcursed mass! You hit the neqoxec.
The starcursed mass shudders and is absorbed by its neighbour.
The ancient zyme hits you but does no damage.
You block the ancient zyme's attack. You block the neqoxec's attack.
A deafening chorus of shrieks assaults your mind!
You die...
Your body glows with a rainbow of weird colours and disappears.

#..#.###.#.#....
...#.#X .# #.
#.#..#...# ... .
#....### ....
..#....#X#.##...
#. ....X......§
#..####.#X.#.#
### #.X#3##
##x@.#
#....##.......
#.... #.##...
.....# .# # .#.
. # #..# ..#


You could see 5 starcursed masses, an ancient zyme and a neqoxec.

Vanquished Creatures
  A fire giant (D:15)
  2 orc warlords
  Louise (D:14)
  A deep elf sorcerer (Elf:1)
  A fire dragon (D:12)
  Josephine (D:12)
  A rakshasa (D:12)
  6 boulder beetles
  3 hydras
  Harold (Lair:1)
  Erolcha (D:13)
  An ice dragon (D:14)
  Fannar (D:12)
  2 catoblepae (Lair:5)
  3 ogre magi
  5 centaur warriors
  15 two-headed ogres
  6 dancing weapons (Elf:1)
  A death knight (D:15)
  9 death yaks
  4 orc high priests (Orc:2)
  A fire crab (Elf:1)
  Nergalle (Lair:3)
  5 deep elf knights (Elf:1)
  3 skeletal warriors
  An iron troll (D:12)
  A glowing orange brain (Elf:1)
  A lindwurm (Lair:5)
  A phantasmal warrior (D:15)
  12 deep elf zephyrmancers
  6 ugly things (D:15)
  4 deep elf archers (Elf:1)
  3 wolf spiders
  3 orc knights
  A necromancer (D:14)
  4 manticores
  22 deep elf pyromancers
  4 orc sorcerers
  6 elephants (Lair:5)
  8 cyclopes
  11 cane toads
  3 gargoyles
  5 black mambas
  A cane toad (shapeshifter) (D:13)
  5 komodo dragons
  A rime drake (shapeshifter) (D:12)
  6 kobold demonologists
  2 rime drakes
  A freezing wraith (D:15)
  A yaktaur (D:12)
  2 tengu conjurers (D:12)
  4 polar bears
  12 trolls
  4 slime creatures (D:12)
  3 hornets
  Prince Ribbit (D:5)
  5 dream sheep (Lair:4)
  7 blink frogs
  A snapping turtle (Lair:3)
  17 flying skulls (D:13)
  8 wraiths
  2 fire elementals (Elf:1)
  31 yaks
  A spriggan (Lair:2)
  5 wyverns
  A shadow (D:10)
  Grum (D:8)
  3 basilisks
  2 water elementals
  A steam dragon (D:6)
  A redback simulacrum (D:15)
  A naga (Lair:2)
  4 vampire mosquitoes (D:14)
  A redback (Elf:1)
  3 wargs
  2 acid dragons
  10 water moccasins
  3 sky beasts
  40 orc warriors
  19 wolves
  3 boggarts (D:15)
  14 ogres
  5 black bears
  6 centaurs
  2 phantoms (D:4)
  4 kobold brigands
  A necrophage (D:5)
  2 gnoll sergeants
  An earth elemental (Elf:1)
  15 bullfrogs
  7 wights (D:8)
  15 killer bees
  2 howler monkeys
  An electric eel (D:14)
  2 jellies
  2 centaur zombies (D:10)
  5 hounds
  Crazy Yiuf (D:7)
  28 orc priests
  4 iguanas
  Jessica (D:3)
  27 orc wizards
  19 gnolls
  12 adders
  A white imp (D:7)
  An ufetubus (D:6)
  3 worms
  5 dart slugs
  108 orcs
  5 bats
  10 endoplasms
  5 giant cockroaches
  36 goblins
  13 hobgoblins
  7 jackals
  A quokka (D:1)
  7 ball pythons
  5 frilled lizards
  23 kobolds
  3 rats
796 creatures vanquished.

Vanquished Creatures (collateral kills)
  An orc high priest (Orc:2)
  An orc sorcerer (Orc:2)
  2 orc warriors (Orc:2)
  An ogre (Orc:2)
  2 orc priests (Orc:2)
  5 orc wizards (Orc:2)
  2 orcs (Orc:2)
14 creatures vanquished.

Vanquished Creatures (others)
  A dancing weapon (Elf:1)
  A deep elf pyromancer (Elf:1)
  A gnoll (D:6)
  An adder (D:6)
  26 fungi
  34 plants
64 creatures vanquished.

Grand Total: 874 creatures vanquished

Notes
Turn   | Place    | Note
-------+----------+-------------------------------------------
     0 | D:1      | keekatzer the Gargoyle Gladiator began the quest for the
                  | Orb.
     0 | D:1      | Reached XP level 1. HP: 12/12 MP: 1/1
    45 | D:1      | Reached skill level 1 in Armour
   139 | D:1      | Reached XP level 2. HP: 15/17 MP: 2/2
   187 | D:1      | Reached skill level 1 in Shields
   549 | D:1      | Found a faded altar of an unknown god.
   644 | D:1      | Reached XP level 3. HP: 21/21 MP: 3/3
   655 | D:1      | Prayed at the altar of an unknown god.
   655 | D:1      | Became a worshipper of Nemelex Xobeh the Trickster
   655 | D:1      | Reached * piety under Nemelex Xobeh
   799 | D:2      | Reached skill level 1 in Invocations
   812 | D:2      | Reached XP level 4. HP: 20/26 MP: 4/4
   845 | D:2      | Received a gift from Nemelex Xobeh
  1351 | D:2      | Reached skill level 2 in Invocations
  1572 | D:2      | Reached XP level 5. HP: 28/30 MP: 6/6
  1850 | D:3      | Found a glowing golden altar of the Shining One.
  1853 | D:3      | Reached ** piety under Nemelex Xobeh
  2326 | D:3      | Noticed Jessica
  2334 | D:3      | Killed Jessica
  2508 | D:4      | Noticed a phantom
  2540 | D:4      | Noticed Vadun's ghost (amateur HOFi)
  2543 | D:4      | Killed a phantom
  2544 | D:4      | Reached skill level 3 in Invocations
  2544 | D:4      | Reached XP level 6. HP: 16/35 MP: 8/8
  2830 | D:4      | Found a transporter.
  2832 | D:4      | Noticed a steam dragon
  2864 | D:4      | Reached skill level 4 in Invocations
  3094 | D:4      | Found a shadowy altar of Dithmenos.
  3113 | D:4      | Received a gift from Nemelex Xobeh
  3324 | D:4      | Reached skill level 5 in Invocations
  3324 | D:4      | Reached XP level 7. HP: 40/40 MP: 10/10
  3327 | D:4      | Found a snail-covered altar of Cheibriados.
  3328 | D:4      | Reached *** piety under Nemelex Xobeh
  3328 | D:4      | Received a gift from Nemelex Xobeh
  3342 | D:4      | Found a sacrificial altar of Ru.
  3446 | D:4      | Found a transporter.
  3476 | D:5      | Entered Level 5 of the Dungeon
  3570 | D:5      | Reached skill level 6 in Invocations
  3728 | D:5      | Noticed Prince Ribbit
  3740 | D:5      | Killed Prince Ribbit
  3741 | D:5      | Reached XP level 8. HP: 31/48 MP: 12/12
  3917 | D:5      | Found a sparkling altar of Nemelex Xobeh.
  4258 | D:6      | Received a gift from Nemelex Xobeh
  4293 | D:6      | Found a staircase to the Ecumenical Temple.
  4338 | D:6      | Reached skill level 5 in Armour
  4338 | D:6      | Reached skill level 5 in Shields
  4451 | D:6      | Reached skill level 7 in Invocations
  4476 | D:6      | Reached skill level 5 in Fighting
  4502 | D:6      | Reached XP level 9. HP: 14/54 MP: 14/14
  5378 | D:7      | Reached **** piety under Nemelex Xobeh
  5426 | D:7      | Found an ancient bone altar of Kikubaaqudgha.
  5599 | D:7      | Received a gift from Nemelex Xobeh
  5604 | D:7      | Found Remp's Book Shop.
  5986 | D:7      | Found a runed translucent door.
  5987 | D:7      | Noticed Crazy Yiuf
  5994 | D:7      | Killed Crazy Yiuf
  5995 | D:7      | Reached skill level 8 in Invocations
  6383 | D:7      | Identified a scroll of acquirement
  6385 | D:7      | Acquired a +5 broad axe of venom
  6596 | D:8      | Reached XP level 10. HP: 47/61 MP: 16/16
  6850 | D:8      | Received a gift from Nemelex Xobeh
  6997 | D:8      | Noticed Grum
  7013 | D:8      | Killed Grum
  7156 | D:9      | Found a flagged portal.
  7159 | D:9      | Noticed a two-headed ogre
  7169 | D:9      | Killed a two-headed ogre
  7213 | Bailey   | Entered a bailey
  7291 | Bailey   | Reached skill level 5 in Axes
  7539 | Bailey   | Noticed an orc warlord
  7548 | Bailey   | Killed an orc warlord
  7549 | Bailey   | Reached skill level 9 in Invocations
  7549 | Bailey   | Reached XP level 11. HP: 67/67 MP: 17/17
  7563 | Bailey   | Got the Dissertation on Baleful Ignition
  7839 | D:9      | Noticed a two-headed ogre
  7845 | D:9      | Killed a two-headed ogre
  7899 | D:9      | Reached ***** piety under Nemelex Xobeh
  8160 | D:9      | Received a gift from Nemelex Xobeh
  8199 | D:9      | Found a staircase to the Orcish Mines.
  8342 | D:9      | Found Muocasy's CLEARANCE SALE!.
  8346 | D:9      | Found a staircase to the Lair.
  8504 | D:9      | Upgraded the game from 0.29.0-10-g45618ea6d2 to
                  | 0.29.0-11-gd7f09526c8
  8510 | Orc:1    | Entered Level 1 of the Orcish Mines
  8516 | Orc:1    | Received a gift from Nemelex Xobeh
  8532 | Orc:1    | Reached skill level 5 in Dodging
  8661 | Orc:1    | Noticed an orc sorcerer
  8887 | Orc:1    | Killed an orc sorcerer
  9051 | Orc:1    | Noticed an orc warlord
  9067 | Orc:1    | Killed an orc warlord
  9736 | Orc:1    | Received a gift from Nemelex Xobeh
  9819 | Orc:2    | Entered Level 2 of the Orcish Mines
  9819 | Orc:2    | Found a staircase to the Elven Halls.
 10046 | Orc:2    | Noticed an orc sorcerer
 10054 | Orc:1    | Reached XP level 12. HP: 59/75 MP: 19/19
 10125 | Orc:2    | Noticed a two-headed ogre
 10210 | Orc:1    | Killed a two-headed ogre
 10211 | Orc:1    | Reached skill level 10 in Invocations
 10297 | Orc:2    | Noticed an orc high priest
 10623 | Orc:2    | Noticed an orc high priest
 10628 | Orc:2    | Killed an orc high priest
 10638 | Orc:2    | Killed an orc high priest
 10748 | Orc:2    | Noticed an orc high priest
 10862 | Orc:2    | Identified the -2 quarterstaff of Qytiapt {vorpal, rC+ rN+}
 10869 | Orc:2    | Killed an orc high priest
 11204 | Orc:2    | Noticed an orc high priest
 11212 | Orc:2    | Killed an orc high priest
 11244 | Orc:2    | Noticed an orc high priest
 11251 | Orc:2    | Noticed a soul eater
 11252 | Orc:2    | Noticed a soul eater
 11255 | Orc:2    | Noticed a sun demon
 11324 | Orc:2    | Killed an orc high priest
 11856 | Orc:2    | Found Yfostrom's Antique Armour Shop.
 11856 | Orc:2    | Found Eroxuhy's Antique Weapon Boutique.
 11859 | Orc:2    | Found Romaor's Distillery.
 11859 | Orc:2    | Found Ilidiliz's Distillery.
 11892 | Orc:2    | Bought a potion of degeneration for 15 gold pieces
 11897 | Orc:2    | Bought a steaming hand axe for 184 gold pieces
 11897 | Orc:2    | Identified the +8 hand axe of Collusion {holy, Will+ Str+2}
                  | (You bought it in a shop on level 2 of the Orcish Mines)
 11914 | Orc:2    | Found Dinir's Assorted Antiques.
 11922 | Orc:2    | Bought a scroll of identify for 46 gold pieces
 12127 | D:7      | Bought a manual of Axes for 1120 gold pieces
 12174 | D:9      | Noticed a two-headed ogre
 12182 | D:9      | Killed a two-headed ogre
 12242 | Lair:1   | Entered Level 1 of the Lair of Beasts
 12242 | Lair:1   | Noticed a six-headed hydra
 12457 | Lair:1   | Reached XP level 13. HP: 82/82 MP: 21/21
 12479 | Lair:1   | Received a gift from Nemelex Xobeh
 12488 | Lair:1   | Reached skill level 10 in Armour
 12552 | Lair:1   | Reached skill level 10 in Shields
 12604 | Lair:1   | Noticed Harold
 12623 | Lair:1   | Killed Harold
 12624 | Lair:1   | Reached skill level 11 in Invocations
 12633 | Lair:1   | Reached skill level 10 in Axes
 12896 | Lair:1   | Received a gift from Nemelex Xobeh
 13080 | Lair:1   | Reached skill level 10 in Fighting
 13568 | Lair:2   | Received a gift from Nemelex Xobeh
 13844 | Lair:2   | Found a staircase to the Snake Pit.
 14346 | Lair:3   | Noticed Nergalle
 14357 | Lair:3   | Killed Nergalle
 14409 | Lair:3   | Received a gift from Nemelex Xobeh
 14588 | Lair:3   | Found a staircase to the Shoals.
 15094 | Lair:4   | Found a staircase to the Slime Pits.
 15094 | Lair:4   | Found a viscous altar of Jiyva.
 15389 | Lair:4   | Received a gift from Nemelex Xobeh
 15477 | Lair:4   | Received a gift from Nemelex Xobeh
 15498 | Lair:4   | Reached skill level 12 in Invocations
 15589 | Lair:4   | Reached ****** piety under Nemelex Xobeh
 15683 | Lair:5   | Entered Level 5 of the Lair of Beasts
 15817 | Lair:4   | Gained mutation: Your large and strong wings let you fly.
                  | [Gargoyle growth]
 15817 | Lair:4   | Reached XP level 14. HP: 11/88 MP: 23/23
 16833 | Lair:5   | Received a gift from Nemelex Xobeh
 17348 | Lair:5   | Received a gift from Nemelex Xobeh
 17359 | Lair:5   | Noticed Nessos
 17664 | D:10     | Entered Level 10 of the Dungeon
 18023 | D:10     | Reached skill level 13 in Invocations
 18044 | D:10     | Found a basalt altar of Yredelemnul.
 18060 | D:10     | Found a radiant altar of Vehumet.
 18306 | D:10     | Received a gift from Nemelex Xobeh
 18378 | D:11     | Found a portal to a secret trove of treasure.
 18404 | D:11     | Found the +6 shillelagh "Devastator" {shatter}
 18762 | D:11     | Received a gift from Nemelex Xobeh
 19119 | D:11     | Identified the +0 pair of gloves of Daffodils {Int+3
                  | Stlth+}
 19277 | D:12     | Found an ancient bone altar of Kikubaaqudgha.
 19288 | D:12     | Noticed Josephine
 19383 | D:12     | Killed Josephine
 19480 | D:12     | Received a gift from Nemelex Xobeh
 19702 | D:12     | Reached XP level 15. HP: 84/95 MP: 25/25
 19788 | D:12     | Noticed Fannar
 19802 | D:12     | Killed Fannar
 19868 | D:12     | Noticed Rupert
 19874 | D:12     | Noticed Rupert
 19874 | D:12     | Rupert changed into Rupert the iron troll
 19884 | D:12     | Killed Rupert the iron troll
 19986 | D:12     | Reached skill level 5 in Evocations
 19986 | D:12     | Reached XP level 16. HP: 92/100 MP: 26/26
 20045 | D:12     | Reached skill level 14 in Invocations
 20537 | D:13     | Noticed Erolcha
 20544 | D:13     | Killed Erolcha
 20646 | D:13     | Received a gift from Nemelex Xobeh
 20675 | D:13     | Identified the +1 pair of gloves of Bitterness {*Corrode
                  | Regen+ Int+3}
 20850 | D:13     | Found the +3 giant club "Skullcrusher" {speed, Str+7}
 21965 | D:14     | Noticed Louise
 21965 | D:14     | Received a gift from Nemelex Xobeh
 21979 | D:14     | Killed Louise
 22371 | D:14     | You are sucked into a shaft and drop 1 floor!
 22371 | D:15     | Entered Level 15 of the Dungeon
 22494 | D:15     | Found a glowing silver altar of Zin.
 23596 | D:15     | Received a gift from Nemelex Xobeh
 23612 | D:15     | Found an iron altar of Okawaru.
 23798 | D:15     | Found a staircase to the Depths.
 24227 | D:15     | Reached skill level 15 in Invocations
 24311 | D:15     | Received a gift from Nemelex Xobeh
 24356 | D:15     | Reached XP level 17. HP: 88/106 MP: 28/28
 24662 | D:14     | Found a gate to the Vaults.
 24818 | D:14     | Found Foatyha's Assorted Antiques.
 24838 | D:14     | Received a gift from Nemelex Xobeh
 25233 | Elf:1    | Entered Level 1 of the Elven Halls
 26049 | Elf:1    | Received a gift from Nemelex Xobeh
 26938 | Abyss:2  | Cast into level 2 of the Abyss (+3 short sword of
                  | distortion)
 26960 | Abyss:2  | Found a stormy altar of Qazlal.
 26960 | Abyss:2  | Found a shimmering altar of Xom.
 26960 | Abyss:2  | Found a stormy altar of Qazlal.
 26960 | Abyss:2  | Found a shimmering altar of Xom.
 26960 | Abyss:2  | Found a stormy altar of Qazlal.
 26960 | Abyss:2  | Found a shimmering altar of Xom.
 26990 | Abyss:2  | HP: 3/108 [starcursed mass/accursed screaming (10)]
 26995 | Abyss:2  | Killed from afar by a starcursed mass

Illustrated notes

Levels and vault maps discovered:
D:1:      minmay_arrival_open_corners, layout_loops_cross,
          basic_ecumenical_altar, minmay_tripent
D:2:      layout_loops_cross, minmay_tromino_v4_b
D:3:      layout_basic, mainiacjoe_overflow_paths, uniq_jessica
D:4:      kennysheep_the_goblin_king, layout_basic,
          mainiacjoe_overflow_24_doors, mainiacjoe_overflow_large_starburst,
          gammafunk_ghost_arena, minmay_bisected
D:5:      layout_basic, nemelex_xobeh_ov_fountains_minmay, uniq_prince_ribbit1
D:6:      layout_loops_ring, minmay_temple_entry_gardened_gates,
          hangedman_abyss_or_decor_slice, st_stairs_1, minmay_joined_circles
D:7:      layout_loops_corners, mainiacjoe_overflow_catwalk, serial_shops,
          shop_coins, uniq_crazy_yiuf_cottage
D:8:      layout_cave_pods, uniq_grum
D:9:      layout_irregular_city, lair_entry_dummy, david_orc_4, enter_bailey_5,
          nicolae_shop_clearance
D:10:     layout_irregular_city, mainiacjoe_overflow_alcove_2,
          lemuel_zombie_altar_yredelemnul
D:11:     layout_rooms, serial_co_window_serial, co_window_paths_a,
          co_window_paths_b, co_window_paths_a, co_window_paths_a,
          co_window_corner_a, co_window_paths_a, co_window_paths_a,
          co_window_unsneaky_path_a, co_window_broadway_c,
          co_window_of_opportunity_b, co_window_of_opportunity_b,
          co_window_4corner_a, co_window_sun, glass_columns_a, glass_columns_b,
          glass_columns_c, glass_columns_a, enter_trove_1,
          dilly_guarded_unrand_devastator
D:12:     minmay_swirls_squares, layout_gridville, drop_trap,
          nicolae_kikubaaqudgha_miasma_corner, uniq_rupert, uniq_fannar,
          uniq_josephine
D:13:     layout_loops_corners, minmay_guarded_unrand_skullcrusher, uniq_erolcha
D:14:     layout_basic, david_vaults_1, serial_shops, kennysheep_little_box,
          serial_park_tiny_2, uniq_louise
D:15:     grunt_enter_depths_giant_problem, layout_layer_cave, basic_altar,
          kennysheep_okawaru_gauntlet
Lair:1:   layout_regular_city, lemuel_fruit_tree, serial_bayou_shore_a,
          uniq_harold
Lair:2:   layout_cave_pods, guppyfry_snake_entry_island,
          chequers_serial_rivers_room_a, grunt_forest_stairs_clearing,
          grunt_megastairs_2
Lair:3:   layout_hall_layers, minmay_shoals_entry_hut, serial_bayou_shore_b,
          uniq_nergalle
Lair:4:   layout_hall_layers, slime_entry_1, grunt_megastairs_5
Lair:5:   hellmonk_lair_end_abyssal_woods, layout_long_grid,
          infiniplex_staircase_pool, uniq_nessos
Orc:1:    layout_diamond_mine
Orc:2:    st_orc_mages, layout_caves, serial_shops, nicolae_shop_trees,
          mines2_david
Elf:1:    minmay_elf_arrival_summoners, layout_geoelf_octagon,
          hangedman_elf_represent, hangedman_elven_crosses_minicolossus
Elf:2:    nicolae_elf_blades_crystal_corner, layout_gridlike, serial_shops,
          nicolae_square_shop, drop_trap, minmay_misc_feat_five
Abyss:2:  base: Lair:2, bh_abyss_exit_spiral

Skill      XL: |  1  2  3  4  5  6  7  8  9 10 11 12 13 14 15 16 17 |
---------------+----------------------------------------------------+-----
Armour         | 1 2 3 4 5 6 7 8 9 11 13 14 | 14.9
Shields        | 2 3 4 5 6 7 8 9 10 11 12 13 | 13.2
Invocations    | 1 2 3 5 6 7 8 9 10 12 13 15 | 15.7
Fighting       | 3 5 6 7 8 9 10 11 12 | 12.7
Dodging        | 3 4 5 6 7 |  7.1
Axes           | 3 5 7 9 11 13 14 | 14.8
Evocations     | 5 |  5.9
Throwing       | |  1.8

Action                   |  1- 3 |  4- 6 |  7- 9 | 10-12 | 13-15 | 16-18 || total
-------------------------+-------+-------+-------+-------+-------+-------++-------
Melee: War axe           |    66 |    64 |       |       |       |       ||   130
       Trident           |       |   180 |   302 |       |       |       ||   482
       Broad axe         |       |       |    30 |   542 |   797 |   601 ||  1970
Invok: Draw Destruction  |       |     1 |    11 |    31 |    10 |    15 ||    68
       Draw Escape       |       |       |     3 |    11 |     1 |       ||    15
       Triple Draw       |       |       |       |     2 |       |       ||     2
       Deal Four         |       |       |       |     2 |       |       ||     2
       Draw Summoning    |       |       |       |     1 |       |       ||     1
Evoke: Wand              |       |       |       |     1 |       |       ||     1
       Condenser vane    |       |       |       |       |       |     1 ||     1
  Use: Scroll            |       |       |    12 |     3 |     8 |       ||    23
       Potion            |       |       |       |     1 |     1 |     3 ||     5
Armor: Leather armour    |    36 |    22 |       |       |       |       ||    58
       Ring mail         |       |    92 |   191 |    57 |       |       ||   340
       Plate armour      |       |       |       |   409 |   603 |   315 ||  1327
       Chain mail        |       |       |       |       |       |   158 ||   158
Dodge: Dodged            |    38 |   102 |   188 |   234 |   402 |   250 ||  1214
Block: Buckler           |    18 |    73 |   107 |   255 |   245 |       ||   698
       Kite shield       |       |       |       |       |   184 |   183 ||   367
       Tower shield      |       |       |       |       |       |   312 ||   312
